[ AOE2 MATCH · #506700933 ]
UnrankedMapuche vs Malians
Player's team · LOSS
Rival team · WIN
[ REPLAY ANALYSIS · EXTRACTED FROM THE RECORDED GAME ]
Feudal
10:59
Castle
21:37
Imperial
33:55
| APM avg | 103.0 |
| APM peak | 227 |
| eAPM avg | 66.4 |
| Villagers / military | 287 / 483 |
Focus
⚔️ 67.6% · 🌾 32.4%
Skirmisher ×163 · Bolas Rider ×141 · Petard ×84 · Unknown (2550) ×66 · Spearman ×47 · Archer ×30
Feudal
9:59
Castle
19:36
Imperial
35:28
| APM avg | 45.0 |
| APM peak | 77 |
| eAPM avg | 29.5 |
| Villagers / military | 170 / 677 |
Focus
⚔️ 53.5% · 🌾 46.5%
Skirmisher ×245 · Knight ×166 · Militia ×132 · Scout Cavalry ×86 · Gbeto ×37 · Bombard Cannon ×7
Match map
Initial resources + every placement click. Lines = walls · curves = elevation contours. ◆ gold · ⬟ stone · ● berries · ✦ relic · ◌ wall gap
Your base· Open — 3t gap
G-Dragon's base· Open — 6t gap
Smoothed initial terrain · ◌ = detected wall gap · hover for details
Inputs per minute
— Dobbs351 - - G-Dragon
Build order — Dobbs351
First 150 of 1026 actions detected
| 0:00 | Create | Villager (Male) |
| 0:02 | Build | House |
| 0:03 | Build | House |
| 0:12 | Create | Villager (Male) |
| 0:12 | Create | Villager (Male) |
| 0:19 | Create | Villager (Male) |
| 0:19 | Create | Villager (Male) |
| 1:33 | Create | Villager (Male) |
| 1:54 | Create | Villager (Male) |
| 1:54 | Create | Villager (Male) |
| 2:01 | Build | Settlement |
| 2:15 | Create | Villager (Male) |
| 2:45 | Create | Villager (Male) |
| 3:01 | Create | Villager (Male) |
| 3:43 | Create | Villager (Male) |
| 4:08 | Create | Villager (Male) |
| 4:21 | Build | Settlement |
| 4:29 | Create | Villager (Male) |
| 4:36 | Create | Villager (Male) |
| 4:57 | Create | Villager (Male) |
| 5:22 | Create | Villager (Male) |
| 5:36 | Create | Villager (Male) |
| 5:39 | Create | Villager (Male) |
| 6:17 | Create | Villager (Male) |
| 6:28 | Build | Settlement |
| 6:41 | Research | Loom |
| 6:41 | Research | Loom |
| 6:41 | Research | Loom |
| 7:07 | Create | Villager (Male) |
| 7:24 | Create | Villager (Male) |
| 7:27 | Build | Palisade Wall |
| 7:29 | Build | Palisade Wall |
| 7:30 | Build | Palisade Wall |
| 7:31 | Build | Palisade Wall |
| 7:32 | Build | Palisade Wall |
| 7:32 | Create | Villager (Male) |
| 7:46 | Build | Palisade Wall |
| 7:52 | Create | Villager (Male) |
| 7:54 | Build | House |
| 7:59 | Create | Villager (Male) |
| 8:22 | Create | Villager (Male) |
| 8:36 | Build | Barracks |
| 8:37 | Create | Villager (Male) |
| 8:49 | Research | Feudal Age |
| 8:59 | Build | Palisade Wall |
| 9:39 | Build | Palisade Wall |
| 9:39 | Build | Palisade Wall |
| 9:42 | Build | Palisade Wall |
| 10:28 | Build | Settlement |
| 10:50 | Create | Villager (Male) |
| 10:59 | Age | Feudal Age |
| 11:00 | Create | Villager (Male) |
| 11:04 | Build | Archery Range |
| 11:09 | Create | Skirmisher |
| 11:12 | Research | Double-Bit Axe |
| 11:27 | Create | Villager (Male) |
| 11:32 | Build | Archery Range |
| 11:38 | Create | Villager (Male) |
| 11:45 | Create | Villager (Male) |
| 11:53 | Build | Blacksmith |
| 11:58 | Create | Archer |
| 11:58 | Create | Archer |
| 11:58 | Create | Archer |
| 12:06 | Build | House |
| 12:07 | Create | Villager (Male) |
| 12:12 | Build | Palisade Wall |
| 12:16 | Create | Villager (Male) |
| 12:17 | Create | Archer |
| 12:27 | Create | Villager (Male) |
| 12:27 | Create | Villager (Male) |
| 12:35 | Create | Villager (Male) |
| 12:36 | Research | Fletching |
| 12:54 | Create | Villager (Male) |
| 12:59 | Build | Settlement |
| 13:17 | Create | Archer |
| 13:17 | Create | Villager (Male) |
| 13:48 | Create | Archer |
| 14:01 | Build | Farm |
| 14:02 | Build | Farm |
| 14:07 | Create | Archer |
| 14:07 | Create | Villager (Male) |
| 14:20 | Create | Archer |
| 14:21 | Create | Villager (Male) |
| 14:24 | Create | Archer |
| 14:48 | Create | Archer |
| 14:48 | Create | Archer |
| 14:59 | Create | Villager (Male) |
| 15:09 | Create | Archer |
| 15:13 | Build | Farm |
| 15:17 | Build | Farm |
| 15:18 | Build | Farm |
| 15:20 | Build | Farm |
| 15:22 | Build | Farm |
| 15:25 | Build | Farm |
| 15:26 | Build | Farm |
| 15:29 | Create | Villager (Male) |
| 15:39 | Research | Horse Collar |
| 15:39 | Research | Horse Collar |
| 15:53 | Create | Villager (Male) |
| 15:56 | Create | Archer |
| 16:04 | Build | Farm |
| 16:08 | Create | Villager (Male) |
| 16:11 | Create | Archer |
| 16:20 | Build | House |
| 16:33 | Create | Archer |
| 16:34 | Create | Villager (Male) |
| 16:40 | Build | Farm |
| 16:45 | Build | House |
| 16:47 | Create | Villager (Male) |
| 17:20 | Create | Villager (Male) |
| 17:29 | Create | Villager (Male) |
| 17:32 | Create | Archer |
| 17:32 | Create | Archer |
| 17:36 | Create | Villager (Male) |
| 17:43 | Build | House |
| 17:44 | Create | Villager (Male) |
| 17:45 | Create | Archer |
| 17:46 | Create | Villager (Male) |
| 17:59 | Create | Villager (Male) |
| 18:22 | Create | Villager (Male) |
| 18:31 | Build | Farm |
| 18:32 | Build | Farm |
| 18:57 | Research | Castle Age |
| 18:57 | Research | Castle Age |
| 19:23 | Create | Villager (Male) |
| 19:23 | Create | Archer |
| 19:23 | Create | Archer |
| 19:31 | Research | Padded Archer Armor |
| 19:31 | Research | Padded Archer Armor |
| 19:31 | Research | Padded Archer Armor |
| 19:57 | Build | Barracks |
| 19:57 | Build | Barracks |
| 20:00 | Create | Unit 2550 |
| 20:03 | Research | Tech 1402 |
| 20:03 | Research | Tech 1402 |
| 20:04 | Research | Scale Mail Armor |
| 20:04 | Research | Scale Mail Armor |
| 20:07 | Research | Scale Mail Armor |
| 20:08 | Research | Scale Mail Armor |
| 20:25 | Create | Unit 2550 |
| 20:25 | Create | Unit 2550 |
| 20:49 | Create | Unit 2550 |
| 20:50 | Create | Unit 2550 |
| 21:04 | Create | Unit 2550 |
| 21:07 | Build | Farm |
| 21:10 | Build | Farm |
| 21:12 | Build | Farm |
| 21:14 | Build | Farm |
| 21:16 | Build | Farm |
| 21:28 | Create | Villager (Male) |
Build order — G-Dragon
First 150 of 640 actions detected
| 0:01 | Create | Villager (Male) |
| 0:02 | Build | House |
| 0:03 | Build | House |
| 0:09 | Create | Villager (Male) |
| 0:09 | Create | Villager (Male) |
| 0:09 | Create | Villager (Male) |
| 0:10 | Create | Villager (Male) |
| 1:31 | Build | Lumber Camp |
| 1:33 | Create | Villager (Male) |
| 1:59 | Create | Villager (Male) |
| 2:31 | Create | Villager (Male) |
| 2:55 | Create | Villager (Male) |
| 3:00 | Build | House |
| 3:04 | Build | House |
| 3:19 | Create | Villager (Male) |
| 3:42 | Create | Villager (Male) |
| 4:01 | Build | Barracks |
| 4:04 | Create | Villager (Male) |
| 4:27 | Build | House |
| 4:32 | Create | Villager (Male) |
| 4:52 | Create | Villager (Male) |
| 5:12 | Create | Militia |
| 5:14 | Build | House |
| 5:24 | Create | Villager (Male) |
| 5:41 | Create | Militia |
| 5:46 | Build | Mill |
| 5:50 | Create | Villager (Male) |
| 5:58 | Build | Palisade Wall |
| 6:15 | Create | Villager (Male) |
| 6:35 | Create | Villager (Male) |
| 6:46 | Build | Mining Camp |
| 7:20 | Research | Loom |
| 7:49 | Research | Feudal Age |
| 8:11 | Create | Militia |
| 8:28 | Build | Mill |
| 8:35 | Create | Militia |
| 8:54 | Build | Farm |
| 9:34 | Build | Farm |
| 9:41 | Create | Villager (Male) |
| 9:59 | Age | Feudal Age |
| 10:01 | Research | Man-at-Arms (upgrade) |
| 10:02 | Research | Double-Bit Axe |
| 10:11 | Create | Villager (Male) |
| 10:24 | Research | Horse Collar |
| 10:33 | Research | Arson |
| 10:34 | Research | Arson |
| 10:47 | Build | Farm |
| 10:51 | Create | Villager (Male) |
| 11:17 | Create | Villager (Male) |
| 11:18 | Build | Farm |
| 11:22 | Build | House |
| 11:25 | Build | House |
| 11:45 | Create | Villager (Male) |
| 11:51 | Build | Farm |
| 11:56 | Create | Villager (Male) |
| 12:07 | Build | House |
| 12:08 | Build | Palisade Wall |
| 12:15 | Build | Farm |
| 12:20 | Create | Villager (Male) |
| 12:30 | Build | House |
| 12:32 | Build | Palisade Wall |
| 12:41 | Build | House |
| 12:44 | Build | Palisade Wall |
| 12:50 | Create | Villager (Male) |
| 13:05 | Build | Palisade Wall |
| 13:06 | Build | Palisade Wall |
| 13:15 | Create | Villager (Male) |
| 13:17 | Build | Mining Camp |
| 13:25 | Build | Farm |
| 13:40 | Create | Villager (Male) |
| 13:58 | Create | Villager (Male) |
| 14:06 | Build | Farm |
| 14:20 | Research | Wheelbarrow |
| 14:45 | Build | Archery Range |
| 15:27 | Create | Villager (Male) |
| 15:33 | Build | Market |
| 15:40 | Create | Skirmisher |
| 15:43 | Create | Skirmisher |
| 16:09 | Build | Farm |
| 16:12 | Create | Skirmisher |
| 16:20 | Create | Villager (Male) |
| 16:38 | Build | Farm |
| 16:56 | Research | Castle Age |
| 16:56 | Research | Castle Age |
| 17:05 | Build | Blacksmith |
| 17:22 | Build | Farm |
| 17:32 | Create | Skirmisher |
| 17:41 | Build | Farm |
| 17:44 | Build | Farm |
| 17:47 | Create | Skirmisher |
| 18:02 | Research | Fletching |
| 18:21 | Build | Farm |
| 18:23 | Create | Skirmisher |
| 18:28 | Research | Padded Archer Armor |
| 18:48 | Create | Skirmisher |
| 18:56 | Create | Villager (Male) |
| 19:01 | Build | Farm |
| 19:07 | Build | Farm |
| 19:11 | Create | Skirmisher |
| 19:36 | Age | Castle Age |
| 19:39 | Research | Bodkin Arrow |
| 19:52 | Create | Villager (Male) |
| 20:07 | Build | Castle |
| 20:14 | Research | Bow Saw |
| 20:20 | Build | Town Center |
| 20:24 | Create | Villager (Male) |
| 20:45 | Create | Villager (Male) |
| 21:01 | Create | Villager (Male) |
| 21:02 | Build | Farm |
| 21:13 | Research | Heavy Plow |
| 21:29 | Create | Villager (Male) |
| 21:30 | Create | Villager (Male) |
| 21:35 | Build | Farm |
| 21:53 | Create | Villager (Male) |
| 21:55 | Create | Villager (Male) |
| 21:57 | Create | Gbeto |
| 22:12 | Create | Gbeto |
| 22:21 | Build | Farm |
| 22:22 | Build | Farm |
| 22:23 | Create | Villager (Male) |
| 22:25 | Build | Farm |
| 22:27 | Create | Villager (Male) |
| 22:29 | Create | Gbeto |
| 22:34 | Build | Farm |
| 22:43 | Create | Villager (Male) |
| 22:45 | Build | Farm |
| 22:49 | Create | Villager (Male) |
| 22:57 | Build | Farm |
| 22:59 | Build | Farm |
| 23:02 | Research | Town Watch |
| 23:05 | Create | Villager (Male) |
| 23:09 | Build | Farm |
| 23:11 | Research | Town Watch |
| 23:18 | Create | Gbeto |
| 23:24 | Build | House |
| 23:25 | Build | House |
| 23:27 | Build | House |
| 23:30 | Create | Gbeto |
| 23:33 | Create | Villager (Male) |
| 23:36 | Create | Villager (Male) |
| 23:37 | Build | Farm |
| 23:49 | Create | Villager (Male) |
| 23:50 | Create | Villager (Male) |
| 23:57 | Create | Gbeto |
| 24:12 | Research | Scale Mail Armor |
| 24:16 | Build | Town Center |
| 24:25 | Create | Villager (Male) |
| 24:25 | Create | Villager (Male) |
| 24:28 | Build | Farm |
| 24:37 | Create | Gbeto |
Match timeline
| 4:01 | G-Dragon · first_building Barracks |
| 5:58 | G-Dragon · wall_segment Palisade Wall x1 |
| 7:27 | Dobbs351 · wall_segment Palisade Wall x7 |
| 7:29 | Dobbs351 · wall_segment Palisade Wall x1 |
| 7:30 | Dobbs351 · wall_segment Palisade Wall x1 |
| 7:31 | Dobbs351 · wall_segment Palisade Wall x1 |
| 7:32 | Dobbs351 · wall_segment Palisade Wall x1 |
| 7:46 | Dobbs351 · wall_segment Palisade Wall x6 |
| 8:36 | Dobbs351 · first_building Barracks |
| 8:59 | Dobbs351 · wall_segment Palisade Wall x1 |
| 9:39 | Dobbs351 · wall_segment Palisade Wall x5 |
| 9:39 | Dobbs351 · wall_segment Palisade Wall x4 |
| 9:42 | Dobbs351 · wall_segment Palisade Wall x6 |
| 9:59 | G-Dragon · age_up feudal |
| 10:59 | Dobbs351 · age_up feudal |
| 11:04 | Dobbs351 · first_building Archery Range |
| 12:08 | G-Dragon · wall_segment Palisade Wall x1 |
| 12:12 | Dobbs351 · wall_segment Palisade Wall x1 |
| 12:32 | G-Dragon · wall_segment Palisade Wall x7 |
| 12:44 | G-Dragon · wall_segment Palisade Wall x6 |
| 13:05 | G-Dragon · wall_segment Palisade Wall x1 |
| 13:06 | G-Dragon · wall_segment Palisade Wall x3 |
| 14:45 | G-Dragon · first_building Archery Range |
| 16:41 | G-Dragon · first_market_buy 100 food |
| 16:41 | G-Dragon · first_market_sell 100 stone |
| 19:36 | G-Dragon · age_up castle |
| 20:07 | G-Dragon · first_building Castle |
| 21:37 | Dobbs351 · age_up castle |
| 21:59 | Dobbs351 · first_building Monastery |
| 29:15 | G-Dragon · first_building Monastery |
| 31:14 | Dobbs351 · first_building Castle |
| 33:55 | Dobbs351 · age_up imperial |
| 35:28 | G-Dragon · age_up imperial |
| 36:11 | G-Dragon · first_building Stable |
| 38:22 | G-Dragon · first_building Siege Workshop |
| 41:08 | Dobbs351 · wall_segment Stone Wall x1 |
| 42:08 | Dobbs351 · first_market_buy 100 stone |
| 43:57 | Dobbs351 · first_market_sell 500 stone |
| 54:53 | Dobbs351 · first_building Siege Workshop |
| 55:03 | Dobbs351 · wall_segment Stone Wall x8 |
| 55:06 | Dobbs351 · wall_segment Stone Wall x2 |
| 55:09 | Dobbs351 · wall_segment Stone Wall x22 |
| 59:51 | Dobbs351 · resign |
[ AI ANALYSIS · 1 CREDIT ]
What really happened in this match?
Wolo.gg analyzes every decision: build order, eco, micro, common mistakes by bracket. Personalized analysis on WhatsApp or Discord in 30 seconds.
Civ guide
Mapuche
Perfil
Jugador #246423